 Dungeon Crawl Stone Soup version 0.16-a0-2736-g1697cd3 (console) character file.

4746 Fusha the Caregiver (level 10, -9/71 HPs)
             Began as a Formicid Healer on Nov 26, 2014.
             Was a Believer of Elyvilon.
             Mangled by a polar bear (17 damage)
             ... on level 7 of the Dungeon.
             The game lasted 00:59:21 (12500 turns).

Fusha the Caregiver (Formicid Healer)              Turns: 12500, Time: 00:59:21

Health: -9/71      AC: 16    Str: 21    XL:     10   Next: 74%
Magic:  27/27      EV:  7    Int: 11    God:    Elyvilon [**....]
Gold:   424        SH: 11    Dex: 10    Spells: 0 memorised, 9 levels left

rFire  . . .     SeeInvis +     m - +0 dagger (venom)
rCold  . . .     Clarity  .     z - +0 chain mail
rNeg   . . .     SustAb   .     F - +0 shield
rPois  +         Gourm    .     (helmet unavailable)
rElec  .         Spirit   .     v - +2 cloak
rCorr  .         Warding  .     (no gloves)
rMut   .         Stasis   +     (no boots)
MR     +....                    (no amulet)
Stlth  ..........               t - +3 ring of protection
                                L - ring of poison resistance (curse)

@: somewhat resistant to hostile enchantments, extremely unstealthy
A: permanent stasis, dig shafts and tunnels, four strong arms, antennae 3
a: Dig, Shaft Self, Lesser Healing, Lesser Self-Healing, Divine Protection,
Purification, Renounce Religion


You were on level 7 of the Dungeon.
You worshipped Elyvilon.
Elyvilon was pleased with you.
You were not hungry.

You visited 1 branch of the dungeon, and saw 7 of its levels.
You also visited: Sewer and Ossuary.

You collected 424 gold pieces.

Inventory:

Hand weapons
 e - a cursed +0 dagger
 f - a +0 mace
 g - a +0 club
 m - a +0 dagger of venom (weapon)
 r - a +0 whip
 u - a -2 flail
Missiles
 l - 51 stones
 T - a throwing net (quivered)
Armour
 a - a +1 robe
 v - a +2 cloak (worn)
 z - a +0 chain mail (worn)
 F - a +0 shield (worn)
Jewellery
 q - an uncursed ring of see invisible
 t - a +3 ring of protection (right hand)
 D - an uncursed ring of positive energy
 L - a cursed ring of poison resistance (left hand)
Magical devices
 G - a wand of enslavement (0)
 H - a wand of confusion (0)
 K - a wand of enslavement (13)
 R - a wand of digging (5)
Scrolls
 h - a scroll of amnesia {unknown}
 i - 3 scrolls of teleportation
 k - 2 scrolls of noise
 s - 2 scrolls of recharging
 x - 2 scrolls of enchant weapon {unknown}
 y - a scroll of blinking {unknown}
 E - a scroll of remove curse
 M - a scroll of immolation {unknown}
Potions
 b - a potion of restore abilities
 n - a potion of might {unknown}
 o - a potion of confusion
 A - 2 potions of curing
 B - 2 potions of brilliance
 C - 2 potions of haste {unknown}
 I - 2 potions of mutation
 J - 2 potions of degeneration {unknown}
 O - 2 potions of magic {unknown}
Books
 w - a book of Wizardry

   Spells                             Type                      Level
   Agony                              Necromancy                   5
   Force Lance                        Conjuration/Translocation    4
   Haste                              Charms                       6
   Invisibility                       Hexes                        6
   Spellforged Servitor               Conjuration/Summoning        7
 N - a book of Beasts

   Spells                             Type                      Level
   Summon Butterflies                 Summoning                    1
   Call Canine Familiar               Summoning                    3
   Summon Ice Beast                   Ice/Summoning                4
   Summon Mana Viper                  Hexes/Summoning              5
   Monstrous Menagerie                Summoning                    6
   Summon Hydra                       Summoning                    7
Comestibles
 c - 15 chunks of flesh
 d - 7 bread rations
 j - 3 meat rations
 p - 4 fruits
 P - a royal jelly
 S - a slice of pizza


   Skills:
 - Level 4.0 Fighting
 + Level 4.3 Short Blades
 - Level 6.0 Armour
 - Level 1.7 Dodging
 * Level 8.6 Shields
 * Level 12.4 Invocations


You had 9 spell levels left.
You didn't know any spells.

Dungeon Overview and Level Annotations

Branches:
Dungeon (7/15)             Temple (0/1) D:6

Altars:
Ashenzari
Cheibriados
Dithmenos
Gozag
Okawaru
Qazlal
Sif Muna
Xom
Yredelemnul


Innate Abilities, Weirdness & Mutations

You are under a permanent stasis effect.
You can dig through walls and to a lower floor.
Your four strong arms can wield two-handed weapons with a shield.
You have a pair of large antennae on your head (SInv).


Message History

The polar bear bites you but does no damage.
The polar bear claws you but does no damage. x2
You hit the polar bear.
The polar bear is severely wounded.
The polar bear goes berserk!
You hit the polar bear but do no damage.
The polar bear is severely wounded.
The polar bear bites you!!
* * * LOW HITPOINT WARNING * * *
The polar bear completely misses you. You block the polar bear's attack.
You block the polar bear's attack.
The polar bear claws you but does no damage.
You block the polar bear's attack.
The polar bear bites you but does no damage.
The polar bear claws you.
* * * LOW HITPOINT WARNING * * *
The polar bear claws you.
* * * LOW HITPOINT WARNING * * *
The polar bear bites you!
You die...

........# #........##Y##.## #.##
##.####.# #{.......#.....# #.##
#.# #.# ##########..########...
#.####.# #..).............
#......# #.##..###########
#.###### #Y##.....[.## #.#
#.##.)###...# ##.#
#######h##..###...### ...#
#.....@.##..#.......### ####
#.########..#.......... #.#
##...#.......... ###########.#
#............##. #..........รท#
#....#.#...#.### #.#.#.#####.##
#.#...........##
......####...#####....#######.##
#.#.#................########.###
#.....####...#####.####.##.......


You could see a polar bear (berserk) and a sheep.

Vanquished Creatures
  2 polar bears (D:7)
  A spriggan (D:7)
  The ghost of asdu the Firebug, an average DEFE of Sif Muna (Ossuary)
  2 hogs (D:7)
  A hungry ghost (D:7)
  3 hippogriffs (D:7)
  A phantom (D:7)
  Purgy (Sewer)
  4 ice beasts
  2 sky beasts
  An orc warrior (D:7)
  2 centaurs
  2 black bears
  An ogre (D:6)
  4 giant frogs
  Duvessa (D:5)
  2 elf zombies (Ossuary)
  4 scorpions
  A wight (D:3)
  2 jellies
  2 crimson imps
  Dowan (D:6)
  2 centaur zombies
  An orc priest (D:4)
  Crazy Yiuf (D:4)
  2 gnoll shamans (D:7)
  6 hounds
  2 iguanas
  5 worker ants
  2 orc wizards (D:4)
  A big kobold zombie (Ossuary)
  A hound skeleton (D:7)
  2 mummies (Ossuary)
  11 gnolls
  8 adders
  3 giant mites
  3 worms
  2 adder skeletons (D:5)
  11 giant geckos
  17 orcs
  A ball python (D:2)
  23 bats
  5 giant cockroaches
  15 goblins
  19 hobgoblins
  4 jackals
  3 quokkas
  A giant gecko skeleton (D:4)
  A giant newt (D:3)
  A goblin zombie (Ossuary)
  8 hobgoblin zombies (Ossuary)
  2 jackal zombies (Ossuary)
  12 kobolds
  13 kobold zombies (Ossuary)
  8 orc zombies (Ossuary)
  A quokka skeleton (D:4)
  2 quokka zombies
  12 rats
  A rat zombie (Ossuary)
  A spectral orc (D:4)
254 creatures vanquished.

Notes
Turn   | Place    | Note
--------------------------------------------------------------
     0 | D:1      | Fusha, the Formicid Healer, began the quest for the Orb.
     0 | D:1      | Reached XP level 1. HP: 15/15 MP: 2/2
   488 | D:1      | Reached XP level 2. HP: 20/22 MP: 5/5
   597 | D:1      | HP: 1/22 [poisoned by a goblin]
  1098 | D:1      | Reached skill level 4 in Invocations
  1098 | D:1      | Reached XP level 3. HP: 27/27 MP: 6/6
  1677 | D:2      | Reached XP level 4. HP: 31/34 MP: 8/8
  1778 | D:2      | Found an iron altar of Okawaru.
  1987 | D:2      | Reached skill level 5 in Invocations
  2011 | D:2      | Found a deep blue altar of Sif Muna.
  2050 | D:2      | Found a snail-covered altar of Cheibriados.
  2051 | D:2      | Found a stormy altar of Qazlal.
  2952 | D:3      | Reached XP level 5. HP: 39/41 MP: 10/12
  4076 | D:5      | Entered Level 5 of the Dungeon
  4098 | D:5      | Reached skill level 6 in Invocations
  4098 | D:5      | Reached XP level 6. HP: 32/48 MP: 13/15
  4717 | D:5      | Found a shattered altar of Ashenzari.
  4718 | D:5      | Noticed an ice beast
  4761 | D:4      | Reached skill level 1 in Armour
  5219 | D:4      | Reached skill level 7 in Invocations
  5219 | D:4      | Reached XP level 7. HP: 47/54 MP: 18/18
  5440 | D:4      | Noticed a black bear
  5449 | D:4      | Killed a black bear
  5830 | D:5      | Killed an ice beast
  5830 | D:5      | Reached skill level 8 in Invocations
  6020 | D:5      | Noticed an ice beast
  6053 | D:5      | Killed an ice beast
  6053 | D:5      | Reached XP level 8. HP: 43/60 MP: 19/21
  6348 | D:5      | Noticed an ice beast
  6401 | D:5      | Killed an ice beast
  6727 | D:4      | Reached skill level 9 in Invocations
  6967 | D:4      | Found a basalt altar of Yredelemnul.
  7242 | D:4      | Found a shimmering altar of Xom.
  7289 | D:4      | Noticed Crazy Yiuf
  7300 | D:4      | Killed Crazy Yiuf
  7444 | D:4      | Reached skill level 1 in Shields
  7749 | D:5      | Noticed a sky beast
  7766 | D:5      | Killed a sky beast
  7851 | D:6      | Noticed Duvessa
  7851 | D:6      | Noticed Dowan
  7864 | D:6      | Killed Dowan
  7883 | D:5      | Killed Duvessa
  8207 | D:6      | Found a glowing drain.
  8227 | D:6      | Reached skill level 5 in Armour
  8252 | Sewer    | Entered a sewer
  8440 | Sewer    | Noticed Purgy
  8460 | Sewer    | Killed Purgy
  8460 | Sewer    | Reached skill level 10 in Invocations
  8460 | Sewer    | Reached XP level 9. HP: 62/65 MP: 23/23
  8734 | D:6      | Found a shadowy altar of Dithmenos.
  8774 | D:6      | Found a staircase to the Ecumenical Temple.
  9215 | D:6      | Reached skill level 1 in Short Blades
  9711 | D:7      | Found a sand-covered staircase.
  9732 | Ossuary  | Entered an ossuary
  9908 | Ossuary  | Noticed asdu's ghost (average DEFE)
  9931 | Ossuary  | Killed asdu's ghost
  9931 | Ossuary  | Reached skill level 5 in Shields
 10318 | D:7      | Reached skill level 11 in Invocations
 10333 | D:7      | Found a huge runed gate.
 10334 | D:7      | Found a huge runed gate.
 10367 | D:7      | Found a huge runed gate.
 10367 | D:7      | Found a huge runed gate.
 10367 | D:7      | Noticed a polar bear
 10368 | D:7      | Noticed a polar bear
 10368 | D:7      | Noticed a polar bear
 10882 | D:7      | Reached XP level 10. HP: 71/71 MP: 25/25
 10927 | D:7      | Found an opulent altar of Gozag.
 11562 | D:7      | Killed a polar bear
 11562 | D:7      | Reached skill level 12 in Invocations
 11619 | D:7      | Killed a polar bear
 12500 | D:7      | Mangled by a polar bear

Action                   |  1- 3 |  4- 6 |  7- 9 | 10-12 || total
-------------------------+-------+-------+-------+-------++-------
Melee: Unarmed           |    20 |       |       |       ||    20
       Club              |     8 |       |       |       ||     8
       Mace              |    19 |       |   414 |    48 ||   481
       Dagger            |    82 |    50 |   388 |   329 ||   849
       Flail             |       |   281 |   132 |       ||   413
Throw: Stone             |    11 |    26 |     7 |       ||    44
       Throwing net      |       |       |     1 |       ||     1
Invok: Lesser Healing    |       |     5 |       |       ||     5
 Abil: Dig               |       |     1 |     3 |       ||     4
Evoke: Wand              |       |       |     5 |       ||     5
  Use: Potion            |     1 |       |     4 |     4 ||     9
       Scroll            |     5 |     6 |     6 |       ||    17
  Eat: Chunk             |     2 |     9 |    16 |     6 ||    33
       Bread ration      |       |     1 |       |       ||     1
       Royal jelly       |       |       |     2 |       ||     2
       Pizza             |       |       |     1 |       ||     1
